[ AOE2 MATCH · #485382469 ]
UnrankedJapanese vs Huns
[ REPLAY ANALYSIS · EXTRACTED FROM THE RECORDED GAME ]
Feudal
11:28
Castle
—
Imperial
—
| APM avg | 48.0 |
| APM peak | 86 |
| eAPM avg | 18.0 |
| Villagers / military | 28 / 14 |
Focus
⚔️ 27.1% · 🌾 72.9%
Militia ×8 · Spearman ×6
Feudal
11:50
Castle
—
Imperial
—
| APM avg | 37.4 |
| APM peak | 61 |
| eAPM avg | 18.7 |
| Villagers / military | 33 / 7 |
Focus
⚔️ 40.8% · 🌾 59.2%
Fishing Ship ×8 · Scout Cavalry ×7
Feudal
13:36
Castle
17:07
Imperial
—
| APM avg | 37.3 |
| APM peak | 74 |
| eAPM avg | 11.0 |
| Villagers / military | 24 / 0 |
Focus
⚔️ 21.5% · 🌾 78.5%
Feudal
12:40
Castle
—
Imperial
—
| APM avg | 42.4 |
| APM peak | 81 |
| eAPM avg | 17.3 |
| Villagers / military | 29 / 0 |
Focus
⚔️ 18.4% · 🌾 81.6%
Match map
Initial resources + every placement click. Lines = walls · curves = elevation contours. ◆ gold · ⬟ stone · ● berries · ✦ relic · ◌ wall gap
Your base· Open — unwalled flank
[Gaucho]Batata's base· Open — unwalled flank
Sace's base· Open — unwalled flank
_warDian_'s base· Open — unwalled flank
Smoothed initial terrain · ◌ = detected wall gap · hover for details
Inputs per minute
— Fs.mano do age - - [Gaucho]Batata
Build order — Fs.mano do age
91 actions detected in the replay
| 0:18 | Build | Town Center |
| 0:34 | Build | Mill |
| 0:36 | Build | House |
| 0:38 | Build | House |
| 2:26 | Queue | Villager (Male) |
| 2:27 | Queue | Villager (Male) |
| 2:27 | Queue | Villager (Male) |
| 2:27 | Queue | Villager (Male) |
| 3:14 | Queue | Villager (Male) |
| 3:54 | Queue | Villager (Male) |
| 4:13 | Build | House |
| 4:21 | Queue | Villager (Male) |
| 4:47 | Queue | Villager (Male) |
| 5:01 | Queue | Villager (Male) |
| 5:08 | Build | House |
| 5:35 | Queue | Villager (Male) |
| 5:46 | Build | House |
| 5:47 | Build | Palisade Wall |
| 6:11 | Build | Lumber Camp |
| 6:23 | Queue | Villager (Male) |
| 6:53 | Queue | Villager (Male) |
| 7:04 | Build | Palisade Wall |
| 7:21 | Queue | Villager (Male) |
| 7:32 | Queue | Villager (Male) |
| 8:28 | Queue | Villager (Male) |
| 8:33 | Queue | Villager (Male) |
| 8:43 | Build | House |
| 9:11 | Build | Barracks |
| 9:15 | Research | Feudal Age |
| 9:28 | Build | House |
| 9:45 | Queue | Militia |
| 9:50 | Queue | Militia |
| 9:51 | Queue | Militia |
| 10:04 | Queue | Militia |
| 10:46 | Build | House |
| 10:47 | Build | House |
| 10:50 | Build | Palisade Wall |
| 10:52 | Build | House |
| 10:54 | Build | Palisade Wall |
| 10:59 | Queue | Militia |
| 11:15 | Build | Mill |
| 11:26 | Build | Mill |
| 11:28 | Age | Feudal Age |
| 11:31 | Research | Man-at-Arms (upgrade) |
| 11:33 | Research | Double-Bit Axe |
| 11:34 | Queue | Villager (Male) |
| 11:35 | Queue | Villager (Male) |
| 11:50 | Queue | Villager (Male) |
| 12:05 | Queue | Militia |
| 12:20 | Queue | Militia |
| 12:31 | Build | Blacksmith |
| 12:34 | Queue | Militia |
| 12:52 | Build | House |
| 12:53 | Build | House |
| 13:28 | Queue | Villager (Male) |
| 13:29 | Research | Forging |
| 13:46 | Research | Loom |
| 13:55 | Queue | Spearman |
| 13:56 | Queue | Spearman |
| 14:00 | Queue | Villager (Male) |
| 14:03 | Build | Palisade Wall |
| 14:05 | Build | Palisade Wall |
| 14:10 | Queue | Spearman |
| 14:12 | Build | Palisade Wall |
| 14:13 | Build | Palisade Wall |
| 14:15 | Build | Palisade Wall |
| 14:18 | Queue | Spearman |
| 14:23 | Queue | Spearman |
| 14:25 | Queue | Villager (Male) |
| 14:39 | Build | Palisade Wall |
| 14:40 | Build | Palisade Wall |
| 14:40 | Build | Palisade Wall |
| 14:48 | Queue | Spearman |
| 15:12 | Queue | Villager (Male) |
| 15:28 | Queue | Villager (Male) |
| 15:34 | Build | Dock |
| 15:36 | Build | Farm |
| 15:38 | Build | Farm |
| 15:56 | Research | Scale Mail Armor |
| 16:13 | Queue | Villager (Male) |
| 16:16 | Build | Farm |
| 16:17 | Build | Farm |
| 16:31 | Queue | Villager (Male) |
| 16:34 | Build | Farm |
| 16:41 | Build | House |
| 16:42 | Build | House |
| 16:57 | Build | Farm |
| 17:00 | Build | Farm |
| 17:03 | Queue | Villager (Male) |
| 17:26 | Queue | Villager (Male) |
| 17:28 | Build | Farm |
Build order — [Gaucho]Batata
74 actions detected in the replay
| 0:07 | Build | Town Center |
| 2:14 | Queue | Villager (Male) ×4 |
| 2:57 | Build | Lumber Camp |
| 3:09 | Queue | Villager (Male) |
| 3:10 | Queue | Villager (Male) |
| 3:49 | Queue | Villager (Male) |
| 3:50 | Queue | Villager (Male) |
| 4:32 | Queue | Villager (Male) |
| 4:32 | Queue | Villager (Male) |
| 4:49 | Build | Palisade Wall |
| 4:57 | Queue | Villager (Male) |
| 5:31 | Queue | Villager (Male) |
| 5:56 | Queue | Villager (Male) |
| 5:56 | Queue | Villager (Male) |
| 5:59 | Build | Dock |
| 6:19 | Queue | Villager (Male) |
| 6:54 | Queue | Villager (Male) |
| 6:54 | Queue | Villager (Male) |
| 7:03 | Queue | Fishing Ship |
| 7:44 | Queue | Villager (Male) |
| 7:45 | Queue | Villager (Male) |
| 7:45 | Queue | Villager (Male) |
| 7:45 | Queue | Villager (Male) |
| 7:48 | Queue | Fishing Ship |
| 8:36 | Research | Loom |
| 8:46 | Queue | Fishing Ship |
| 9:40 | Research | Feudal Age |
| 10:23 | Build | Barracks |
| 11:04 | Build | Mill |
| 11:08 | Queue | Villager (Male) |
| 11:50 | Age | Feudal Age |
| 11:51 | Build | Stable |
| 11:54 | Research | Double-Bit Axe |
| 11:54 | Research | Double-Bit Axe |
| 12:01 | Build | Palisade Wall |
| 12:03 | Build | Palisade Wall |
| 12:09 | Queue | Villager (Male) |
| 12:31 | Queue | Scout Cavalry |
| 12:31 | Queue | Scout Cavalry |
| 12:45 | Queue | Villager (Male) |
| 12:57 | Queue | Scout Cavalry |
| 13:07 | Queue | Villager (Male) |
| 13:08 | Queue | Scout Cavalry |
| 13:20 | Build | Dock |
| 13:24 | Queue | Fishing Ship |
| 13:36 | Queue | Scout Cavalry |
| 13:46 | Build | Blacksmith |
| 13:49 | Queue | Villager (Male) |
| 14:00 | Build | Palisade Wall |
| 14:11 | Queue | Villager (Male) |
| 14:12 | Queue | Fishing Ship |
| 14:37 | Queue | Fishing Ship |
| 14:39 | Queue | Villager (Male) |
| 14:47 | Build | Palisade Wall |
| 14:55 | Queue | Villager (Male) |
| 14:56 | Build | Palisade Wall |
| 14:58 | Build | Palisade Wall |
| 15:08 | Queue | Fishing Ship |
| 15:09 | Queue | Fishing Ship |
| 15:14 | Queue | Villager (Male) |
| 15:30 | Build | Palisade Wall |
| 15:32 | Queue | Villager (Male) |
| 15:52 | Research | Forging |
| 16:00 | Queue | Villager (Male) |
| 16:14 | Build | Fish Trap |
| 16:16 | Build | Fish Trap |
| 16:27 | Queue | Scout Cavalry |
| 16:43 | Queue | Scout Cavalry |
| 16:49 | Build | Mill |
| 16:58 | Build | Farm |
| 16:59 | Build | Farm |
| 17:07 | Build | Palisade Wall |
| 17:08 | Build | Palisade Wall |
| 17:12 | Queue | Villager (Male) |
Build order — Sace
41 actions detected in the replay
| 0:16 | Build | Town Center |
| 2:21 | Queue | Villager (Male) |
| 2:22 | Queue | Villager (Male) |
| 2:22 | Queue | Villager (Male) |
| 2:22 | Queue | Villager (Male) |
| 3:52 | Queue | Villager (Male) |
| 3:52 | Queue | Villager (Male) |
| 4:31 | Research | Loom |
| 5:12 | Queue | Villager (Male) |
| 5:13 | Queue | Villager (Male) |
| 5:15 | Queue | Villager (Male) |
| 5:49 | Build | Mining Camp |
| 6:17 | Queue | Villager (Male) |
| 6:24 | Queue | Villager (Male) |
| 6:36 | Build | Mill |
| 7:07 | Queue | Villager (Male) |
| 7:37 | Build | Palisade Gate |
| 7:49 | Queue | Villager (Male) |
| 7:49 | Queue | Villager (Male) |
| 8:21 | Queue | Villager (Male) |
| 9:21 | Queue | Villager (Male) |
| 9:22 | Queue | Villager (Male) |
| 9:23 | Queue | Villager (Male) |
| 10:22 | Queue | Villager (Male) |
| 10:53 | Queue | Villager (Male) |
| 11:16 | Research | Feudal Age |
| 12:48 | Build | Barracks |
| 12:50 | Build | Palisade Wall |
| 12:59 | Queue | Villager (Male) |
| 12:59 | Queue | Villager (Male) |
| 13:36 | Age | Feudal Age |
| 13:38 | Build | Archery Range |
| 13:44 | Build | Blacksmith |
| 14:27 | Research | Castle Age |
| 15:09 | Queue | Villager (Male) |
| 15:09 | Queue | Villager (Male) |
| 16:12 | Build | Archery Range |
| 16:17 | Research | Gold Mining |
| 17:07 | Age | Castle Age |
| 17:15 | Build | Town Center |
| 17:20 | Build | Town Center |
Build order — _warDian_
50 actions detected in the replay
| 0:14 | Build | Town Center |
| 2:00 | Build | House |
| 2:35 | Research | Loom |
| 2:37 | Queue | Villager (Male) |
| 2:37 | Queue | Villager (Male) |
| 2:38 | Queue | Villager (Male) |
| 2:38 | Queue | Villager (Male) |
| 3:37 | Build | Palisade Gate |
| 3:45 | Build | House |
| 3:54 | Build | House |
| 4:13 | Build | Settlement |
| 4:19 | Queue | Villager (Male) |
| 4:38 | Queue | Villager (Male) |
| 4:40 | Queue | Villager (Male) |
| 5:00 | Build | House |
| 5:07 | Queue | Villager (Male) |
| 5:35 | Queue | Villager (Male) |
| 6:17 | Queue | Villager (Male) |
| 6:24 | Queue | Villager (Male) |
| 6:49 | Queue | Villager (Male) |
| 7:04 | Queue | Villager (Male) |
| 7:10 | Build | House |
| 7:33 | Queue | Villager (Male) |
| 8:01 | Queue | Villager (Male) |
| 8:05 | Build | House |
| 8:24 | Queue | Villager (Male) |
| 8:28 | Queue | Villager (Male) |
| 8:31 | Build | Palisade Wall |
| 8:55 | Build | Palisade Gate |
| 8:56 | Queue | Villager (Male) |
| 9:16 | Build | Palisade Wall |
| 9:17 | Queue | Villager (Male) |
| 9:56 | Queue | Villager (Male) |
| 10:24 | Research | Feudal Age |
| 10:52 | Build | Settlement |
| 10:57 | Queue | Villager (Male) |
| 11:44 | Build | Settlement |
| 12:03 | Queue | Villager (Male) |
| 12:25 | Queue | Villager (Male) |
| 12:40 | Age | Feudal Age |
| 12:51 | Build | Watch Tower |
| 12:54 | Queue | Villager (Male) |
| 13:37 | Queue | Villager (Male) |
| 15:00 | Build | Settlement |
| 15:27 | Queue | Villager (Male) |
| 15:36 | Queue | Villager (Male) |
| 15:56 | Build | Market |
| 16:09 | Queue | Villager (Male) |
| 16:43 | Queue | Villager (Male) |
| 16:46 | Build | Blacksmith |
Match timeline
| 4:49 | [Gaucho]Batata · wall_segment Palisade Wall x1 |
| 5:47 | Fs.mano do age · wall_segment Palisade Wall x1 |
| 5:59 | [Gaucho]Batata · first_building Dock |
| 7:04 | Fs.mano do age · wall_segment Palisade Wall x1 |
| 8:31 | _warDian_ · wall_segment Palisade Wall x1 |
| 9:11 | Fs.mano do age · first_building Barracks |
| 9:16 | _warDian_ · wall_segment Palisade Wall x5 |
| 10:23 | [Gaucho]Batata · first_building Barracks |
| 10:50 | Fs.mano do age · wall_segment Palisade Wall x1 |
| 10:54 | Fs.mano do age · wall_segment Palisade Wall x1 |
| 11:28 | Fs.mano do age · age_up feudal |
| 11:50 | [Gaucho]Batata · age_up feudal |
| 11:51 | [Gaucho]Batata · first_building Stable |
| 12:01 | [Gaucho]Batata · wall_segment Palisade Wall x4 |
| 12:03 | [Gaucho]Batata · wall_segment Palisade Wall x3 |
| 12:40 | _warDian_ · age_up feudal |
| 12:48 | Sace · first_building Barracks |
| 12:50 | Sace · wall_segment Palisade Wall x1 |
| 13:36 | Sace · age_up feudal |
| 13:38 | Sace · first_building Archery Range |
| 14:00 | [Gaucho]Batata · wall_segment Palisade Wall x1 |
| 14:03 | Fs.mano do age · wall_segment Palisade Wall x1 |
| 14:05 | Fs.mano do age · wall_segment Palisade Wall x1 |
| 14:12 | Fs.mano do age · wall_segment Palisade Wall x1 |
| 14:13 | Fs.mano do age · wall_segment Palisade Wall x1 |
| 14:15 | Fs.mano do age · wall_segment Palisade Wall x1 |
| 14:39 | Fs.mano do age · wall_segment Palisade Wall x1 |
| 14:40 | Fs.mano do age · wall_segment Palisade Wall x1 |
| 14:40 | Fs.mano do age · wall_segment Palisade Wall x1 |
| 14:47 | [Gaucho]Batata · wall_segment Palisade Wall x1 |
| 14:56 | [Gaucho]Batata · wall_segment Palisade Wall x1 |
| 14:58 | [Gaucho]Batata · wall_segment Palisade Wall x1 |
| 15:30 | [Gaucho]Batata · wall_segment Palisade Wall x3 |
| 15:34 | Fs.mano do age · first_building Dock |
| 17:07 | Sace · age_up castle |
| 17:07 | [Gaucho]Batata · wall_segment Palisade Wall x1 |
| 17:08 | [Gaucho]Batata · wall_segment Palisade Wall x1 |
| 17:38 | _warDian_ · resign |
[ AI ANALYSIS · 1 CREDIT ]
What really happened in this match?
Wolo.gg analyzes every decision: build order, eco, micro, common mistakes by bracket. Personalized analysis on WhatsApp or Discord in 30 seconds.
Civ guide
Japanese
Perfil
Jugador #417910